[ AOE2 MATCH · #484492033 ]
UnrankedVietnamese vs Huns
[ REPLAY ANALYSIS · EXTRACTED FROM THE RECORDED GAME ]
Feudal
13:53
Castle
24:35
Imperial
44:59
| APM avg | 30.5 |
| APM peak | 58 |
| eAPM avg | 12.1 |
| Villagers / military | 134 / 143 |
Focus
⚔️ 33.8% · 🌾 66.2%
Rattan Archer ×73 · Spearman ×43 · Archer ×10 · Trebuchet (Packed) ×8 · Battering Ram ×5 · Mangonel ×4
Feudal
13:32
Castle
17:04
Imperial
45:50
| APM avg | 54.9 |
| APM peak | 133 |
| eAPM avg | 32.4 |
| Villagers / military | 220 / 202 |
Focus
⚔️ 26.3% · 🌾 73.7%
Knight ×111 · Cavalry Archer ×74 · Battering Ram ×7 · Mangonel ×4 · Trebuchet (Packed) ×4 · Spearman ×2
Feudal
—
Castle
—
Imperial
—
| APM avg | 16.3 |
| APM peak | 57 |
| eAPM avg | 8.9 |
| Villagers / military | 119 / 283 |
Focus
⚔️ 28.9% · 🌾 71.1%
Huskarl ×152 · Spearman ×118 · Militia ×9 · Trebuchet (Packed) ×4
Feudal
17:08
Castle
23:40
Imperial
43:23
| APM avg | 24.5 |
| APM peak | 49 |
| eAPM avg | 15.5 |
| Villagers / military | 112 / 167 |
Focus
⚔️ 27.9% · 🌾 72.1%
Knight ×106 · Hand Cannoneer ×41 · Coustillier ×7 · Militia ×5 · Trebuchet (Packed) ×3 · Mangonel ×2
Feudal
14:58
Castle
18:53
Imperial
47:55
| APM avg | 29.2 |
| APM peak | 64 |
| eAPM avg | 12.1 |
| Villagers / military | 122 / 108 |
Focus
⚔️ 23.1% · 🌾 76.9%
Knight ×58 · Scout Cavalry ×31 · Cavalry Archer ×6 · Mangonel ×5 · Trebuchet (Packed) ×3 · Scorpion ×2
Feudal
15:00
Castle
23:43
Imperial
53:20
| APM avg | 22.0 |
| APM peak | 55 |
| eAPM avg | 16.2 |
| Villagers / military | 147 / 41 |
Focus
⚔️ 23.2% · 🌾 76.8%
Iron Pagoda ×15 · Skirmisher ×12 · Battering Ram ×11 · Scout Cavalry ×2 · Trebuchet (Packed) ×1
Feudal
15:01
Castle
34:16
Imperial
51:57
| APM avg | 39.4 |
| APM peak | 91 |
| eAPM avg | 25.8 |
| Villagers / military | 280 / 139 |
Focus
⚔️ 28.8% · 🌾 71.2%
Archer ×125 · Genoese Crossbowman ×10 · Trebuchet (Packed) ×4
Feudal
15:25
Castle
19:34
Imperial
47:34
| APM avg | 29.5 |
| APM peak | 60 |
| eAPM avg | 19.3 |
| Villagers / military | 198 / 196 |
Focus
⚔️ 40.0% · 🌾 60.0%
Gbeto ×114 · Skirmisher ×69 · Trebuchet (Packed) ×9 · Battering Ram ×4
Match map
Initial resources + every placement click. Lines = walls · curves = elevation contours. ◆ gold · ⬟ stone · ● berries · ✦ relic · ◌ wall gap
Your base· Open — unwalled flank
VulfPeck's base· Open — 5t gap
ElMelvin49's base· Open — unwalled flank
Q's base· Open — unwalled flank
nysh's base· Open — unwalled flank
IIIIIIIIIIIIIIIIIIIII's base· Open — 5t gap
el_joker's base· Open — 4t gap
gargamel's base· Open — unwalled flank
Smoothed initial terrain · ◌ = detected wall gap · hover for details
Inputs per minute
— TuckerFudPucker - - VulfPeck
Build order — TuckerFudPucker
First 150 of 400 actions detected
| 0:45 | Build | Town Center |
| 1:19 | Build | House |
| 3:09 | Create | Villager (Male) |
| 3:09 | Create | Villager (Male) |
| 3:19 | Create | Villager (Male) |
| 3:20 | Create | Villager (Male) |
| 4:13 | Build | Mill |
| 4:50 | Create | Villager (Male) |
| 5:18 | Create | Villager (Male) |
| 5:49 | Create | Villager (Male) |
| 6:07 | Research | Loom |
| 6:13 | Build | House |
| 6:16 | Build | House |
| 6:28 | Create | Villager (Male) |
| 6:28 | Create | Villager (Male) |
| 6:32 | Build | House |
| 7:14 | Create | Villager (Male) |
| 7:58 | Create | Villager (Male) |
| 7:58 | Create | Villager (Male) |
| 7:58 | Create | Villager (Male) |
| 8:32 | Build | House |
| 8:50 | Create | Villager (Male) |
| 8:50 | Create | Villager (Male) |
| 8:50 | Create | Villager (Male) |
| 9:04 | Build | Mill |
| 9:48 | Create | Villager (Male) |
| 10:38 | Create | Villager (Male) |
| 10:40 | Build | Lumber Camp |
| 10:52 | Create | Villager (Male) |
| 11:42 | Research | Feudal Age |
| 11:45 | Build | Mining Camp |
| 12:08 | Build | Barracks |
| 13:06 | Build | House |
| 13:53 | Age | Feudal Age |
| 13:55 | Build | Archery Range |
| 13:58 | Research | Wheelbarrow |
| 13:59 | Research | Double-Bit Axe |
| 14:08 | Research | Town Watch |
| 14:08 | Create | Villager (Male) |
| 14:09 | Create | Villager (Male) |
| 14:23 | Create | Spearman |
| 14:45 | Create | Villager (Male) |
| 15:02 | Create | Archer |
| 15:02 | Create | Archer |
| 15:06 | Build | Blacksmith |
| 15:31 | Create | Villager (Male) |
| 16:16 | Create | Villager (Male) |
| 16:21 | Create | Archer |
| 16:24 | Research | Fletching |
| 16:29 | Build | House |
| 16:31 | Build | House |
| 16:37 | Create | Villager (Male) |
| 16:37 | Create | Villager (Male) |
| 17:12 | Create | Archer |
| 17:35 | Create | Archer |
| 17:45 | Create | Villager (Male) |
| 17:46 | Create | Villager (Male) |
| 18:32 | Create | Villager (Male) |
| 18:32 | Create | Villager (Male) |
| 18:35 | Build | Farm |
| 18:37 | Research | Horse Collar |
| 18:43 | Create | Villager (Male) |
| 18:46 | Create | Archer |
| 18:54 | Build | House |
| 18:55 | Build | House |
| 19:42 | Create | Villager (Male) |
| 19:42 | Create | Villager (Male) |
| 19:47 | Build | Farm |
| 19:51 | Build | Farm |
| 20:12 | Create | Villager (Male) |
| 20:12 | Create | Villager (Male) |
| 20:24 | Create | Villager (Male) |
| 20:30 | Build | Mining Camp |
| 20:33 | Create | Villager (Male) |
| 21:54 | Research | Castle Age |
| 22:13 | Research | Padded Archer Armor |
| 22:27 | Build | Farm |
| 23:00 | Build | Farm |
| 23:01 | Build | Farm |
| 23:50 | Build | Mill |
| 24:06 | Create | Archer |
| 24:07 | Create | Archer |
| 24:07 | Create | Archer |
| 24:07 | Create | Archer |
| 24:10 | Create | Spearman |
| 24:11 | Create | Spearman |
| 24:35 | Age | Castle Age |
| 24:38 | Research | Bodkin Arrow |
| 24:45 | Research | Thumb Ring |
| 25:05 | Build | Castle |
| 25:29 | Research | Leather Archer Armor |
| 25:41 | Create | Villager (Male) |
| 25:41 | Create | Villager (Male) |
| 26:41 | Create | Villager (Male) |
| 26:42 | Create | Villager (Male) |
| 27:15 | Build | Siege Workshop |
| 27:26 | Create | Rattan Archer |
| 27:26 | Create | Rattan Archer |
| 27:27 | Create | Rattan Archer |
| 27:27 | Create | Rattan Archer |
| 27:28 | Create | Villager (Male) |
| 27:29 | Create | Villager (Male) |
| 27:29 | Create | Villager (Male) |
| 27:29 | Create | Villager (Male) |
| 27:30 | Create | Villager (Male) |
| 28:41 | Build | Town Center |
| 29:13 | Create | Villager (Male) |
| 29:14 | Create | Villager (Male) |
| 29:14 | Create | Villager (Male) |
| 29:14 | Create | Villager (Male) |
| 29:28 | Create | Battering Ram |
| 29:28 | Create | Battering Ram |
| 30:03 | Create | Villager (Male) |
| 30:03 | Create | Villager (Male) |
| 30:03 | Create | Villager (Male) |
| 30:03 | Create | Villager (Male) |
| 30:04 | Create | Villager (Male) |
| 30:17 | Create | Battering Ram |
| 30:57 | Create | Villager (Male) |
| 30:57 | Create | Villager (Male) |
| 30:58 | Create | Villager (Male) |
| 31:24 | Create | Villager (Male) |
| 31:24 | Create | Villager (Male) |
| 31:57 | Create | Villager (Male) |
| 31:57 | Create | Villager (Male) |
| 31:57 | Create | Villager (Male) |
| 31:59 | Create | Villager (Male) |
| 32:01 | Research | Hand Cart |
| 33:15 | Create | Mangonel |
| 33:29 | Build | Mining Camp |
| 33:32 | Build | Farm |
| 33:33 | Build | Farm |
| 33:49 | Build | Town Center |
| 34:07 | Create | Rattan Archer |
| 34:08 | Create | Rattan Archer |
| 34:08 | Create | Rattan Archer |
| 34:08 | Create | Rattan Archer |
| 34:09 | Create | Rattan Archer |
| 34:14 | Build | House |
| 34:14 | Build | House |
| 34:24 | Build | House |
| 34:24 | Build | House |
| 34:25 | Build | House |
| 34:27 | Build | House |
| 34:31 | Create | Villager (Male) |
| 34:31 | Create | Villager (Male) |
| 34:41 | Create | Villager (Male) |
| 34:41 | Create | Villager (Male) |
| 34:45 | Create | Villager (Male) |
| 34:45 | Create | Villager (Male) |
Build order — VulfPeck
First 150 of 648 actions detected
| 0:14 | Build | Town Center |
| 2:36 | Create | Villager (Male) |
| 2:38 | Create | Villager (Male) |
| 2:38 | Create | Villager (Male) |
| 2:38 | Create | Villager (Male) |
| 2:51 | Research | Loom |
| 3:25 | Create | Villager (Male) |
| 3:26 | Create | Villager (Male) |
| 4:00 | Create | Villager (Male) |
| 4:01 | Create | Villager (Male) |
| 4:23 | Create | Villager (Male) |
| 4:23 | Create | Villager (Male) |
| 4:41 | Create | Villager (Male) |
| 5:19 | Create | Villager (Male) |
| 5:35 | Build | Lumber Camp |
| 5:43 | Create | Villager (Male) |
| 5:44 | Create | Villager (Male) |
| 6:08 | Create | Villager (Male) |
| 6:55 | Create | Villager (Male) |
| 6:55 | Create | Villager (Male) |
| 7:07 | Create | Villager (Male) |
| 7:28 | Create | Villager (Male) |
| 7:52 | Create | Villager (Male) |
| 8:06 | Create | Villager (Male) |
| 8:35 | Create | Villager (Male) |
| 8:52 | Create | Villager (Male) |
| 9:00 | Create | Villager (Male) |
| 9:28 | Build | Mill |
| 9:56 | Create | Villager (Male) |
| 10:30 | Build | Mining Camp |
| 11:00 | Research | Feudal Age |
| 13:07 | Create | Villager (Male) |
| 13:07 | Create | Villager (Male) |
| 13:32 | Age | Feudal Age |
| 13:34 | Build | Market |
| 13:37 | Build | Blacksmith |
| 14:12 | Build | Palisade Wall |
| 14:24 | Research | Castle Age |
| 14:24 | Research | Castle Age |
| 15:00 | Build | Lumber Camp |
| 15:03 | Research | Double-Bit Axe |
| 15:28 | Create | Villager (Male) |
| 15:44 | Research | Horse Collar |
| 15:44 | Research | Horse Collar |
| 16:49 | Build | Palisade Wall |
| 17:02 | Build | Barracks |
| 17:04 | Age | Castle Age |
| 17:08 | Build | Town Center |
| 17:11 | Research | Bow Saw |
| 17:16 | Create | Villager (Male) |
| 17:57 | Build | Town Center |
| 17:59 | Create | Villager (Male) |
| 18:17 | Create | Villager (Male) |
| 18:31 | Build | Archery Range |
| 18:37 | Create | Villager (Male) |
| 18:43 | Create | Villager (Male) |
| 18:57 | Build | Palisade Wall |
| 18:59 | Build | Palisade Gate |
| 19:01 | Create | Villager (Male) |
| 19:01 | Create | Villager (Male) |
| 19:20 | Create | Cavalry Archer |
| 19:21 | Create | Cavalry Archer |
| 19:29 | Create | Villager (Male) |
| 19:29 | Create | Villager (Male) |
| 19:40 | Create | Cavalry Archer |
| 19:59 | Build | Siege Workshop |
| 20:01 | Create | Cavalry Archer |
| 20:03 | Research | Fletching |
| 20:16 | Build | Outpost |
| 20:17 | Build | Outpost |
| 20:20 | Build | Palisade Wall |
| 20:24 | Create | Villager (Male) |
| 20:24 | Create | Villager (Male) |
| 20:28 | Build | Farm |
| 20:35 | Build | Farm |
| 20:38 | Create | Cavalry Archer |
| 20:40 | Create | Spearman |
| 20:40 | Create | Spearman |
| 20:55 | Create | Cavalry Archer |
| 21:00 | Build | Farm |
| 21:07 | Create | Villager (Male) |
| 21:07 | Create | Villager (Male) |
| 21:08 | Create | Villager (Male) |
| 21:28 | Create | Mangonel |
| 21:35 | Create | Villager (Male) |
| 21:35 | Create | Villager (Male) |
| 21:37 | Build | Farm |
| 21:48 | Create | Cavalry Archer |
| 21:57 | Build | Palisade Wall |
| 22:00 | Create | Villager (Male) |
| 22:04 | Create | Cavalry Archer |
| 22:11 | Build | Palisade Wall |
| 22:20 | Create | Villager (Male) |
| 22:27 | Create | Villager (Male) |
| 22:27 | Create | Villager (Male) |
| 22:32 | Build | Archery Range |
| 22:48 | Create | Battering Ram |
| 22:57 | Create | Villager (Male) |
| 22:57 | Create | Villager (Male) |
| 23:06 | Build | Palisade Wall |
| 23:14 | Create | Cavalry Archer |
| 23:14 | Create | Cavalry Archer |
| 23:15 | Create | Villager (Male) |
| 23:20 | Build | Farm |
| 23:22 | Build | Farm |
| 23:22 | Build | Farm |
| 23:36 | Build | Stone Wall |
| 23:41 | Create | Villager (Male) |
| 23:42 | Create | Villager (Male) |
| 23:49 | Create | Mangonel |
| 23:56 | Build | Lumber Camp |
| 23:57 | Create | Villager (Male) |
| 23:57 | Create | Villager (Male) |
| 24:03 | Create | Cavalry Archer |
| 24:03 | Create | Cavalry Archer |
| 24:28 | Create | Villager (Male) |
| 24:28 | Create | Villager (Male) |
| 24:35 | Build | Outpost |
| 24:57 | Create | Mangonel |
| 25:11 | Create | Mangonel |
| 25:31 | Build | Outpost |
| 25:33 | Create | Villager (Male) |
| 25:34 | Create | Villager (Male) |
| 25:34 | Create | Villager (Male) |
| 25:34 | Create | Villager (Male) |
| 25:39 | Create | Cavalry Archer |
| 25:40 | Create | Cavalry Archer |
| 25:58 | Create | Villager (Male) |
| 25:59 | Create | Villager (Male) |
| 26:38 | Build | Town Center |
| 26:44 | Create | Cavalry Archer |
| 26:44 | Create | Cavalry Archer |
| 26:48 | Build | Archery Range |
| 26:57 | Create | Villager (Male) |
| 26:57 | Create | Villager (Male) |
| 27:10 | Build | Outpost |
| 27:14 | Create | Villager (Male) |
| 27:15 | Create | Villager (Male) |
| 27:15 | Create | Villager (Male) |
| 27:25 | Create | Cavalry Archer |
| 27:25 | Create | Cavalry Archer |
| 27:25 | Create | Cavalry Archer |
| 27:27 | Create | Villager (Male) |
| 27:27 | Create | Villager (Male) |
| 28:04 | Create | Villager (Male) |
| 28:04 | Create | Villager (Male) |
| 28:16 | Build | Town Center |
| 28:26 | Create | Villager (Male) |
| 28:31 | Build | University |
| 28:31 | Create | Villager (Male) |
Build order — ElMelvin49
First 150 of 287 actions detected
| 0:06 | Build | Town Center |
| 2:17 | Create | Villager (Male) |
| 2:17 | Create | Villager (Male) |
| 2:30 | Research | Loom |
| 2:49 | Build | House |
| 2:52 | Build | House |
| 2:56 | Build | House |
| 2:58 | Build | House |
| 3:09 | Create | Villager (Male) ×2 |
| 4:16 | Create | Villager (Male) |
| 4:16 | Create | Villager (Male) |
| 5:01 | Create | Villager (Male) |
| 5:01 | Create | Villager (Male) |
| 6:00 | Build | Lumber Camp |
| 6:33 | Create | Villager (Male) |
| 6:33 | Create | Villager (Male) |
| 6:34 | Create | Villager (Male) |
| 6:35 | Create | Villager (Male) |
| 7:25 | Create | Villager (Male) |
| 7:26 | Create | Villager (Male) |
| 7:46 | Build | Mill |
| 7:55 | Create | Villager (Male) |
| 7:56 | Create | Villager (Male) |
| 7:56 | Create | Villager (Male) |
| 7:57 | Create | Villager (Male) |
| 7:58 | Create | Villager (Male) |
| 8:18 | Build | Mill |
| 9:16 | Create | Villager (Male) |
| 9:16 | Create | Villager (Male) |
| 9:17 | Create | Villager (Male) |
| 9:38 | Create | Villager (Male) |
| 9:39 | Create | Villager (Male) |
| 10:14 | Create | Villager (Male) |
| 10:14 | Create | Villager (Male) |
| 10:15 | Create | Villager (Male) |
| 10:15 | Create | Villager (Male) |
| 10:49 | Create | Villager (Male) |
| 10:49 | Create | Villager (Male) |
| 10:49 | Create | Villager (Male) |
| 10:50 | Create | Villager (Male) |
| 11:13 | Create | Villager (Male) |
| 11:14 | Create | Villager (Male) |
| 11:14 | Create | Villager (Male) |
| 11:28 | Build | House |
| 11:31 | Build | House |
| 11:32 | Build | House |
| 11:33 | Build | House |
| 11:37 | Create | Villager (Male) |
| 11:37 | Create | Villager (Male) |
| 11:38 | Create | Villager (Male) |
| 13:37 | Build | Mining Camp |
| 14:02 | Research | Feudal Age |
| 16:25 | Create | Villager (Male) |
| 16:35 | Build | House |
| 16:37 | Build | House |
| 16:39 | Build | House |
| 16:42 | Build | Barracks |
| 16:44 | Build | Barracks |
| 16:55 | Create | Villager (Male) |
| 16:55 | Create | Villager (Male) |
| 17:16 | Research | Double-Bit Axe |
| 17:17 | Research | Double-Bit Axe |
| 17:28 | Research | Gold Mining |
| 17:49 | Build | Blacksmith |
| 18:04 | Build | Market |
| 18:06 | Create | Villager (Male) |
| 18:07 | Create | Villager (Male) |
| 18:51 | Research | Horse Collar |
| 18:54 | Research | Forging |
| 18:56 | Research | Scale Mail Armor |
| 19:19 | Create | Villager (Male) |
| 19:34 | Build | House |
| 19:38 | Build | House |
| 19:43 | Create | Villager (Male) |
| 20:01 | Build | House |
| 20:04 | Build | Palisade Wall |
| 20:10 | Research | Castle Age |
| 20:18 | Build | Palisade Wall |
| 21:20 | Build | Palisade Wall |
| 21:26 | Build | House |
| 21:33 | Build | Barracks |
| 21:44 | Build | Palisade Gate |
| 21:48 | Build | Palisade Wall |
| 21:56 | Build | Farm |
| 21:56 | Build | Farm |
| 21:57 | Build | Farm |
| 21:57 | Build | Farm |
| 22:07 | Build | Palisade Wall |
| 22:19 | Build | Farm |
| 22:20 | Build | Farm |
| 22:20 | Build | Farm |
| 22:20 | Build | Farm |
| 22:23 | Build | Farm |
| 22:25 | Build | Farm |
| 22:25 | Build | Farm |
| 22:25 | Build | Farm |
| 22:26 | Build | Farm |
| 22:41 | Build | House |
| 22:43 | Build | House |
| 22:47 | Build | Barracks |
| 22:49 | Create | Villager (Male) |
| 22:51 | Create | Villager (Male) |
| 23:27 | Build | Town Center |
| 23:30 | Create | Villager (Male) |
| 23:31 | Create | Villager (Male) |
| 23:32 | Research | Bow Saw |
| 23:39 | Build | Palisade Wall |
| 23:42 | Create | Villager (Male) |
| 23:53 | Research | Stone Mining |
| 24:03 | Create | Villager (Male) |
| 24:04 | Create | Villager (Male) |
| 24:11 | Build | Palisade Wall |
| 24:44 | Research | Heavy Plow |
| 24:51 | Create | Villager (Male) |
| 25:13 | Create | Villager (Male) |
| 25:16 | Research | Iron Casting |
| 25:17 | Research | Chain Mail Armor |
| 25:20 | Research | Pikeman (upgrade) |
| 25:23 | Research | Squires |
| 25:41 | Create | Spearman |
| 25:41 | Create | Spearman |
| 25:55 | Create | Villager (Male) |
| 25:55 | Create | Villager (Male) |
| 25:59 | Build | Farm |
| 26:15 | Create | Villager (Male) ×2 |
| 26:32 | Create | Villager (Male) ×2 |
| 26:45 | Build | Farm |
| 27:05 | Create | Spearman |
| 27:05 | Create | Spearman |
| 27:06 | Create | Spearman |
| 27:11 | Create | Villager (Male) |
| 27:11 | Create | Villager (Male) |
| 27:11 | Create | Villager (Male) |
| 27:11 | Create | Villager (Male) |
| 27:19 | Create | Villager (Male) |
| 27:19 | Create | Villager (Male) |
| 27:41 | Build | Town Center |
| 27:46 | Create | Villager (Male) ×3 |
| 28:09 | Build | House |
| 28:12 | Build | House |
| 28:13 | Build | House |
| 28:17 | Build | Palisade Wall |
| 28:25 | Create | Spearman |
| 28:25 | Create | Spearman |
| 28:49 | Create | Villager (Male) |
| 28:49 | Create | Villager (Male) |
| 29:05 | Create | Villager (Male) |
| 29:05 | Create | Villager (Male) |
| 29:05 | Create | Villager (Male) |
| 29:05 | Create | Villager (Male) |
Build order — Q
First 150 of 407 actions detected
| 1:09 | Build | Town Center |
| 3:29 | Create | Villager (Male) |
| 3:29 | Create | Villager (Male) |
| 3:29 | Create | Villager (Male) |
| 3:34 | Build | House |
| 3:35 | Build | House |
| 4:21 | Create | Villager (Male) |
| 5:04 | Create | Villager (Male) |
| 5:31 | Create | Villager (Male) |
| 5:45 | Create | Villager (Male) |
| 6:11 | Build | Barracks |
| 6:19 | Create | Villager (Male) |
| 6:41 | Research | Loom |
| 6:42 | Create | Villager (Male) |
| 7:20 | Create | Militia |
| 7:54 | Create | Villager (Male) |
| 7:59 | Build | House |
| 8:26 | Build | Mining Camp |
| 8:29 | Create | Militia |
| 9:17 | Create | Villager (Male) |
| 9:24 | Create | Villager (Male) |
| 10:02 | Create | Villager (Male) |
| 10:09 | Build | Outpost |
| 10:19 | Build | Mill |
| 10:24 | Build | House |
| 10:35 | Build | Outpost |
| 11:03 | Create | Villager (Male) |
| 11:09 | Create | Villager (Male) |
| 11:31 | Create | Villager (Male) |
| 11:55 | Build | Farm |
| 12:39 | Create | Villager (Male) |
| 12:46 | Build | Barracks |
| 13:03 | Create | Villager (Male) |
| 13:07 | Build | Farm |
| 13:28 | Create | Villager (Male) |
| 13:31 | Build | Farm |
| 13:52 | Build | House |
| 14:04 | Create | Villager (Male) |
| 14:34 | Build | Farm |
| 14:58 | Research | Feudal Age |
| 15:16 | Build | Lumber Camp |
| 15:43 | Create | Villager (Male) |
| 15:55 | Create | Militia |
| 16:10 | Create | Villager (Male) |
| 16:11 | Create | Militia |
| 16:13 | Create | Militia |
| 16:46 | Build | House |
| 17:08 | Age | Feudal Age |
| 17:47 | Build | Farm |
| 17:48 | Create | Villager (Male) |
| 17:57 | Build | Blacksmith |
| 18:01 | Create | Villager (Male) |
| 18:37 | Build | Mill |
| 18:39 | Create | Villager (Male) |
| 19:22 | Create | Villager (Male) |
| 19:39 | Build | Watch Tower |
| 19:55 | Build | Farm |
| 20:18 | Build | Stable |
| 20:20 | Create | Villager (Male) |
| 21:00 | Research | Castle Age |
| 21:10 | Build | House |
| 21:18 | Research | Double-Bit Axe |
| 21:25 | Build | Farm |
| 22:19 | Create | Flemish Militia |
| 22:21 | Create | Flemish Militia |
| 22:28 | Create | Villager (Male) |
| 22:28 | Create | Villager (Male) |
| 22:37 | Build | Farm |
| 22:37 | Build | Farm |
| 22:43 | Build | Farm |
| 22:46 | Build | Farm |
| 22:46 | Build | Farm |
| 22:46 | Build | Farm |
| 22:47 | Build | Farm |
| 23:16 | Build | Farm |
| 23:31 | Build | Farm |
| 23:40 | Age | Castle Age |
| 23:43 | Create | Knight |
| 23:43 | Create | Knight |
| 23:43 | Create | Knight |
| 23:55 | Create | Knight |
| 24:12 | Research | Horse Collar |
| 24:20 | Research | Scale Barding Armor |
| 24:50 | Build | Siege Workshop |
| 24:54 | Create | Knight |
| 24:55 | Create | Villager (Male) |
| 25:12 | Build | House |
| 25:18 | Build | House |
| 25:29 | Build | Farm |
| 25:31 | Create | Villager (Male) |
| 26:10 | Build | Farm |
| 26:15 | Build | Mining Camp |
| 26:35 | Create | Villager (Male) |
| 27:25 | Create | Villager (Male) |
| 27:26 | Create | Villager (Male) |
| 27:29 | Create | Mangonel |
| 28:08 | Create | Villager (Male) |
| 28:14 | Create | Mangonel |
| 28:33 | Create | Villager (Male) |
| 28:37 | Build | Farm |
| 29:13 | Create | Knight |
| 29:15 | Build | Farm |
| 29:17 | Build | Farm |
| 29:18 | Create | Villager (Male) |
| 29:51 | Create | Villager (Male) |
| 29:57 | Build | House |
| 30:19 | Create | Villager (Male) |
| 30:23 | Build | Farm |
| 30:28 | Build | Mining Camp |
| 30:30 | Create | Villager (Male) |
| 30:57 | Build | House |
| 30:57 | Build | House |
| 30:58 | Build | House |
| 30:59 | Build | House |
| 31:02 | Create | Knight |
| 31:02 | Create | Knight |
| 31:02 | Create | Knight |
| 31:51 | Create | Villager (Male) |
| 31:52 | Create | Villager (Male) |
| 31:57 | Create | Villager (Male) |
| 32:14 | Research | Cavalier (upgrade) |
| 32:44 | Build | Town Center |
| 32:50 | Create | Villager (Male) |
| 32:59 | Create | Knight |
| 33:03 | Build | Stable |
| 33:03 | Build | Stable |
| 33:08 | Research | Forging |
| 33:23 | Create | Villager (Male) |
| 34:18 | Create | Villager (Male) |
| 34:27 | Create | Knight |
| 34:28 | Create | Knight |
| 34:35 | Create | Villager (Male) |
| 34:41 | Research | Chain Barding Armor |
| 34:45 | Build | Mining Camp |
| 34:49 | Build | Farm |
| 34:50 | Create | Villager (Male) |
| 34:56 | Build | Monastery |
| 35:08 | Create | Villager (Male) |
| 35:09 | Create | Villager (Male) |
| 35:12 | Create | Villager (Male) |
| 35:22 | Research | Bow Saw |
| 35:25 | Create | Villager (Male) |
| 35:35 | Create | Knight |
| 35:35 | Create | Knight |
| 35:52 | Create | Villager (Male) |
| 36:18 | Create | Villager (Male) |
| 36:25 | Create | Villager (Male) |
| 36:26 | Create | Villager (Male) |
| 36:29 | Create | Knight |
| 36:29 | Create | Knight |
Build order — nysh
First 150 of 278 actions detected
| 1:13 | Build | Town Center |
| 3:12 | Create | Villager (Male) |
| 3:13 | Create | Villager (Male) |
| 3:13 | Create | Villager (Male) |
| 3:22 | Create | Villager (Male) |
| 3:39 | Research | Loom |
| 4:10 | Create | Villager (Male) |
| 5:05 | Create | Villager (Male) |
| 5:05 | Create | Villager (Male) |
| 5:48 | Create | Villager (Male) |
| 6:15 | Build | Mill |
| 6:22 | Create | Villager (Male) |
| 6:22 | Create | Villager (Male) |
| 6:36 | Create | Villager (Male) |
| 6:36 | Create | Villager (Male) |
| 6:56 | Create | Villager (Male) |
| 7:19 | Create | Villager (Male) |
| 7:32 | Create | Villager (Male) |
| 7:53 | Create | Villager (Male) |
| 8:23 | Create | Villager (Male) |
| 8:26 | Create | Villager (Male) |
| 8:32 | Create | Villager (Male) |
| 8:58 | Create | Villager (Male) |
| 10:06 | Create | Villager (Male) |
| 10:21 | Create | Villager (Male) |
| 10:27 | Build | Mill |
| 10:29 | Create | Villager (Male) |
| 11:10 | Create | Villager (Male) |
| 12:02 | Create | Villager (Male) |
| 12:09 | Build | Lumber Camp |
| 12:33 | Research | Feudal Age |
| 13:06 | Create | Villager (Male) |
| 13:06 | Create | Villager (Male) |
| 14:10 | Create | Villager (Male) |
| 14:58 | Age | Feudal Age |
| 15:00 | Build | Market |
| 15:04 | Build | Blacksmith |
| 15:29 | Create | Villager (Male) |
| 15:38 | Research | Double-Bit Axe |
| 16:10 | Research | Castle Age |
| 16:24 | Build | Barracks |
| 17:47 | Create | Villager (Male) |
| 17:48 | Create | Villager (Male) |
| 17:51 | Research | Wheelbarrow |
| 18:29 | Build | Stable |
| 18:53 | Age | Castle Age |
| 18:55 | Create | Villager (Male) |
| 18:58 | Create | Knight |
| 19:10 | Build | Watch Tower |
| 19:14 | Create | Knight |
| 19:15 | Create | Villager (Male) |
| 19:22 | Build | Mining Camp |
| 19:49 | Create | Scout Cavalry |
| 20:03 | Build | Siege Workshop |
| 20:05 | Create | Villager (Male) |
| 20:06 | Create | Villager (Male) |
| 20:12 | Create | Villager (Male) |
| 20:18 | Research | Bow Saw |
| 20:51 | Create | Villager (Male) |
| 21:13 | Research | Scale Barding Armor |
| 21:15 | Create | Villager (Male) |
| 21:33 | Create | Villager (Male) |
| 21:39 | Build | Mining Camp |
| 21:42 | Create | Villager (Male) |
| 21:48 | Create | Mangonel |
| 21:50 | Create | Villager (Male) |
| 22:01 | Create | Villager (Male) |
| 22:31 | Build | Lumber Camp |
| 22:55 | Create | Scorpion |
| 23:05 | Create | Knight |
| 23:07 | Create | Villager (Male) |
| 23:32 | Create | Knight |
| 23:37 | Research | Bloodlines |
| 23:54 | Create | Villager (Male) |
| 24:25 | Create | Knight |
| 24:28 | Create | Villager (Male) |
| 25:24 | Create | Villager (Male) |
| 25:39 | Build | Town Center |
| 26:44 | Build | Castle |
| 26:51 | Create | Knight |
| 27:05 | Create | Scorpion |
| 27:19 | Create | Villager (Male) |
| 27:24 | Build | Town Center |
| 27:25 | Create | Villager (Male) |
| 28:00 | Build | Mining Camp |
| 28:03 | Research | Gold Mining |
| 28:08 | Create | Mangonel |
| 28:24 | Create | Villager (Male) |
| 28:28 | Create | Villager (Male) |
| 28:30 | Build | Farm |
| 28:34 | Build | Farm |
| 28:34 | Build | Farm |
| 28:35 | Build | Farm |
| 28:35 | Build | Farm |
| 28:35 | Build | Farm |
| 28:35 | Build | Farm |
| 29:10 | Build | Farm |
| 29:10 | Create | Villager (Male) |
| 29:32 | Create | Villager (Male) |
| 30:36 | Create | Tarkan |
| 30:37 | Create | Villager (Male) |
| 30:48 | Create | Villager (Male) |
| 31:04 | Create | Villager (Male) |
| 32:08 | Create | Villager (Male) |
| 32:09 | Create | Villager (Male) |
| 32:11 | Create | Battering Ram |
| 32:11 | Create | Battering Ram |
| 32:12 | Create | Mangonel |
| 32:12 | Create | Villager (Male) |
| 32:12 | Create | Villager (Male) |
| 32:12 | Create | Villager (Male) |
| 32:13 | Create | Villager (Male) |
| 32:27 | Create | Villager (Male) |
| 32:28 | Create | Villager (Male) |
| 32:40 | Create | Villager (Male) |
| 32:45 | Research | Husbandry |
| 32:47 | Create | Villager (Male) |
| 32:53 | Research | Chain Barding Armor |
| 32:58 | Build | Farm |
| 33:28 | Create | Villager (Male) |
| 33:59 | Create | Villager (Male) |
| 34:05 | Create | Villager (Male) |
| 34:13 | Create | Villager (Male) |
| 34:27 | Build | Mining Camp |
| 34:34 | Build | Town Center |
| 34:35 | Create | Villager (Male) |
| 34:44 | Build | Farm |
| 34:45 | Build | Farm |
| 34:46 | Create | Villager (Male) |
| 34:50 | Build | Farm |
| 34:54 | Create | Villager (Male) |
| 34:58 | Create | Villager (Male) |
| 34:59 | Create | Villager (Male) |
| 35:21 | Create | Villager (Male) |
| 35:24 | Create | Villager (Male) |
| 35:46 | Build | Castle |
| 35:49 | Create | Villager (Male) |
| 36:00 | Create | Villager (Male) |
| 36:07 | Create | Villager (Male) |
| 36:09 | Build | Farm |
| 36:10 | Build | Farm |
| 36:16 | Create | Villager (Male) |
| 36:19 | Build | Stable |
| 36:21 | Build | Stable |
| 36:22 | Build | Stable |
| 36:24 | Build | Stable |
| 36:28 | Create | Villager (Male) |
| 36:28 | Create | Villager (Male) |
| 37:03 | Create | Villager (Male) |
| 37:03 | Create | Villager (Male) |
Build order — IIIIIIIIIIIIIIIIIIIII
First 150 of 339 actions detected
| 0:16 | Build | House |
| 0:30 | Build | Town Center |
| 0:45 | Build | Town Center |
| 2:44 | Create | Villager (Male) |
| 2:44 | Create | Villager (Male) |
| 2:44 | Create | Villager (Male) |
| 2:45 | Create | Villager (Male) |
| 2:45 | Create | Villager (Male) |
| 2:45 | Create | Villager (Male) |
| 3:28 | Build | Lumber Camp |
| 3:43 | Create | Villager (Male) |
| 3:43 | Create | Villager (Male) |
| 4:09 | Build | House |
| 4:16 | Research | Loom |
| 4:18 | Create | Villager (Male) |
| 4:18 | Create | Villager (Male) |
| 4:59 | Create | Villager (Male) |
| 4:59 | Create | Villager (Male) |
| 5:14 | Create | Villager (Male) |
| 5:15 | Create | Villager (Male) |
| 5:49 | Create | Villager (Male) |
| 5:50 | Create | Villager (Male) |
| 6:18 | Create | Villager (Male) |
| 6:18 | Create | Villager (Male) |
| 6:18 | Create | Villager (Male) |
| 7:05 | Build | House |
| 7:07 | Create | Villager (Male) |
| 7:08 | Create | Villager (Male) |
| 7:08 | Create | Villager (Male) |
| 7:51 | Build | House |
| 7:54 | Create | Villager (Male) |
| 7:54 | Create | Villager (Male) |
| 7:54 | Create | Villager (Male) |
| 7:55 | Create | Villager (Male) |
| 8:13 | Create | Villager (Male) |
| 8:13 | Create | Villager (Male) |
| 9:07 | Create | Villager (Male) |
| 9:07 | Create | Villager (Male) |
| 9:07 | Create | Villager (Male) |
| 9:25 | Create | Villager (Male) |
| 9:25 | Create | Villager (Male) |
| 9:33 | Build | House |
| 10:10 | Create | Villager (Male) |
| 10:11 | Create | Villager (Male) |
| 10:32 | Create | Villager (Male) |
| 10:32 | Create | Villager (Male) |
| 10:33 | Create | Villager (Male) |
| 10:33 | Create | Villager (Male) |
| 10:33 | Create | Villager (Male) |
| 10:44 | Build | Mill |
| 11:03 | Build | House |
| 11:04 | Build | House |
| 11:54 | Build | House |
| 12:13 | Create | Villager (Male) |
| 12:25 | Build | Palisade Wall |
| 12:30 | Build | Palisade Gate |
| 12:50 | Research | Feudal Age |
| 13:42 | Build | Barracks |
| 13:58 | Build | Mining Camp |
| 14:16 | Build | Mining Camp |
| 14:23 | Create | Villager (Male) |
| 14:57 | Build | Palisade Wall |
| 15:00 | Age | Feudal Age |
| 15:05 | Research | Horse Collar |
| 15:07 | Research | Double-Bit Axe |
| 15:33 | Build | Stable |
| 15:36 | Build | Farm |
| 15:36 | Build | Farm |
| 15:36 | Build | Farm |
| 15:37 | Build | Farm |
| 15:39 | Build | Farm |
| 15:46 | Build | Mining Camp |
| 15:48 | Build | House |
| 15:49 | Build | House |
| 15:56 | Create | Villager (Male) |
| 15:58 | Create | Villager (Male) |
| 16:02 | Build | Farm |
| 16:19 | Build | Blacksmith |
| 16:25 | Create | Villager (Male) |
| 16:37 | Build | Farm |
| 16:37 | Build | Farm |
| 16:39 | Build | Farm |
| 16:41 | Build | Farm |
| 16:42 | Build | Farm |
| 16:51 | Create | Villager (Male) |
| 17:14 | Build | Farm |
| 17:15 | Build | Farm |
| 17:29 | Build | Palisade Gate |
| 17:39 | Create | Villager (Male) |
| 18:05 | Create | Villager (Male) |
| 18:28 | Create | Villager (Male) |
| 18:58 | Create | Villager (Male) |
| 19:03 | Build | Watch Tower |
| 19:15 | Build | Watch Tower |
| 20:04 | Build | Farm |
| 20:42 | Build | Palisade Gate |
| 21:03 | Research | Castle Age |
| 21:26 | Research | Fletching |
| 22:21 | Create | Scout Cavalry |
| 22:43 | Create | Scout Cavalry |
| 23:05 | Build | Mining Camp |
| 23:17 | Build | Archery Range |
| 23:29 | Create | Villager (Male) |
| 23:43 | Age | Castle Age |
| 24:11 | Create | Villager (Male) |
| 24:13 | Research | Wheelbarrow |
| 24:27 | Build | Archery Range |
| 24:30 | Create | Skirmisher |
| 24:30 | Create | Skirmisher |
| 24:50 | Build | University |
| 25:09 | Research | Bodkin Arrow |
| 25:29 | Research | Elite Skirmisher (upgrade) |
| 25:30 | Create | Skirmisher |
| 25:30 | Create | Skirmisher |
| 26:04 | Build | Town Center |
| 26:17 | Create | Villager (Male) |
| 26:18 | Create | Villager (Male) |
| 26:38 | Create | Skirmisher |
| 26:39 | Create | Skirmisher |
| 27:01 | Build | Farm |
| 27:02 | Build | Farm |
| 27:02 | Build | Farm |
| 27:03 | Build | Farm |
| 27:06 | Build | Farm |
| 27:07 | Build | Farm |
| 27:09 | Build | Farm |
| 27:16 | Create | Skirmisher |
| 27:16 | Create | Skirmisher |
| 27:28 | Build | Siege Workshop |
| 27:37 | Create | Villager (Male) |
| 27:42 | Create | Villager (Male) |
| 28:05 | Create | Battering Ram |
| 28:07 | Create | Skirmisher |
| 28:07 | Create | Skirmisher |
| 28:16 | Build | Farm |
| 28:17 | Build | Farm |
| 28:19 | Build | Farm |
| 28:59 | Build | Castle |
| 29:03 | Create | Battering Ram |
| 29:12 | Create | Villager (Male) |
| 29:12 | Create | Villager (Male) |
| 29:14 | Create | Villager (Male) |
| 29:14 | Create | Villager (Male) |
| 29:26 | Create | Skirmisher |
| 29:26 | Create | Skirmisher |
| 30:34 | Create | Villager (Male) |
| 30:34 | Create | Villager (Male) |
| 31:03 | Create | Villager (Male) |
| 31:03 | Create | Villager (Male) |
| 31:26 | Create | Battering Ram |
Build order — el_joker
First 150 of 445 actions detected
| 0:36 | Build | Town Center |
| 2:26 | Build | House |
| 2:28 | Build | House |
| 3:03 | Create | Villager (Male) |
| 3:03 | Create | Villager (Male) |
| 3:03 | Create | Villager (Male) |
| 3:04 | Create | Villager (Male) |
| 3:04 | Create | Villager (Male) |
| 3:21 | Build | House |
| 4:02 | Create | Villager (Male) |
| 5:00 | Create | Villager (Male) |
| 5:10 | Create | Villager (Male) |
| 5:22 | Create | Villager (Male) |
| 5:39 | Research | Loom |
| 5:47 | Create | Villager (Male) |
| 6:17 | Create | Villager (Male) |
| 6:35 | Build | Lumber Camp |
| 6:47 | Create | Villager (Male) |
| 6:51 | Create | Villager (Male) |
| 6:52 | Create | Villager (Male) |
| 7:36 | Create | Villager (Male) |
| 8:05 | Create | Villager (Male) |
| 8:23 | Create | Villager (Male) |
| 8:28 | Create | Villager (Male) |
| 8:33 | Build | House |
| 8:42 | Create | Villager (Male) |
| 8:42 | Create | Villager (Male) |
| 8:47 | Build | House |
| 8:48 | Create | Villager (Male) |
| 9:22 | Create | Villager (Male) |
| 9:40 | Create | Villager (Male) |
| 9:45 | Build | Mill |
| 9:46 | Create | Villager (Male) |
| 9:57 | Create | Villager (Male) |
| 10:09 | Create | Villager (Male) |
| 10:18 | Create | Villager (Male) |
| 10:21 | Create | Villager (Male) |
| 10:29 | Create | Villager (Male) |
| 10:31 | Create | Villager (Male) |
| 10:39 | Build | House |
| 10:43 | Build | Palisade Wall |
| 10:43 | Create | Villager (Male) |
| 10:55 | Create | Villager (Male) |
| 11:01 | Create | Villager (Male) |
| 11:06 | Create | Villager (Male) |
| 11:14 | Create | Villager (Male) |
| 11:17 | Create | Villager (Male) |
| 11:47 | Create | Villager (Male) |
| 12:07 | Build | Mill |
| 12:08 | Create | Villager (Male) |
| 12:51 | Research | Feudal Age |
| 13:33 | Build | Lumber Camp |
| 13:35 | Create | Villager (Male) |
| 13:47 | Create | Villager (Male) |
| 13:54 | Create | Villager (Male) |
| 13:59 | Build | Mining Camp |
| 14:02 | Create | Villager (Male) |
| 14:10 | Create | Villager (Male) |
| 14:44 | Build | Mill |
| 15:01 | Age | Feudal Age |
| 15:40 | Create | Villager (Male) |
| 16:04 | Create | Villager (Male) |
| 16:17 | Create | Villager (Male) |
| 16:26 | Build | Watch Tower |
| 16:32 | Create | Villager (Male) |
| 16:51 | Create | Villager (Male) |
| 16:58 | Create | Villager (Male) |
| 17:22 | Build | Watch Tower |
| 17:28 | Create | Villager (Male) |
| 17:35 | Build | House |
| 17:37 | Build | House |
| 18:03 | Build | Mill |
| 18:47 | Build | Watch Tower |
| 20:14 | Create | Villager (Male) |
| 20:43 | Create | Villager (Male) |
| 20:47 | Build | Barracks |
| 20:51 | Create | Villager (Male) |
| 21:30 | Build | Mill |
| 21:37 | Create | Villager (Male) |
| 21:57 | Create | Villager (Male) |
| 22:18 | Create | Villager (Male) |
| 22:42 | Build | Watch Tower |
| 22:56 | Build | Watch Tower |
| 23:03 | Create | Villager (Male) |
| 23:21 | Build | Town Center |
| 24:51 | Build | Watch Tower |
| 24:58 | Create | Villager (Male) |
| 25:02 | Build | House |
| 25:03 | Build | House |
| 25:05 | Build | House |
| 25:05 | Create | Villager (Male) |
| 25:12 | Create | Villager (Male) |
| 25:47 | Create | Villager (Male) |
| 26:34 | Create | Villager (Male) |
| 26:35 | Create | Villager (Male) |
| 26:37 | Build | House |
| 26:40 | Build | Farm |
| 26:40 | Build | Farm |
| 26:41 | Build | Farm |
| 26:41 | Build | Farm |
| 26:41 | Build | Farm |
| 26:43 | Create | Villager (Male) |
| 26:47 | Build | Farm |
| 26:47 | Build | Farm |
| 26:48 | Build | Farm |
| 26:48 | Create | Villager (Male) |
| 27:23 | Create | Villager (Male) |
| 27:27 | Build | Farm |
| 27:27 | Build | Farm |
| 27:28 | Build | Farm |
| 28:15 | Build | Farm |
| 28:18 | Build | Mill |
| 28:19 | Build | Farm |
| 28:19 | Build | Farm |
| 28:19 | Build | Farm |
| 28:20 | Create | Villager (Male) |
| 28:25 | Create | Villager (Male) |
| 28:28 | Create | Villager (Male) |
| 29:16 | Create | Villager (Male) |
| 29:16 | Create | Villager (Male) |
| 29:17 | Create | Villager (Male) |
| 29:21 | Build | Farm |
| 29:22 | Create | Villager (Male) |
| 29:25 | Create | Villager (Male) |
| 29:34 | Create | Villager (Male) |
| 29:38 | Create | Villager (Male) |
| 29:43 | Create | Villager (Male) |
| 29:53 | Create | Villager (Male) |
| 29:56 | Build | Farm |
| 29:57 | Create | Villager (Male) |
| 30:00 | Build | Farm |
| 30:01 | Create | Villager (Male) |
| 30:06 | Create | Villager (Male) |
| 30:12 | Build | Market |
| 30:19 | Create | Villager (Male) |
| 30:26 | Build | Blacksmith |
| 30:27 | Create | Villager (Male) |
| 30:30 | Create | Villager (Male) |
| 30:36 | Create | Villager (Male) |
| 30:40 | Create | Villager (Male) |
| 30:45 | Create | Villager (Male) |
| 30:50 | Create | Villager (Male) |
| 30:56 | Create | Villager (Male) |
| 30:58 | Create | Villager (Male) |
| 31:03 | Create | Villager (Male) |
| 31:07 | Create | Villager (Male) |
| 31:36 | Research | Castle Age |
| 31:37 | Create | Villager (Male) |
| 31:40 | Build | House |
| 31:41 | Build | House |
Build order — gargamel
First 150 of 553 actions detected
| 0:46 | Build | Town Center |
| 0:55 | Build | House |
| 3:10 | Create | Villager (Male) |
| 3:10 | Create | Villager (Male) |
| 3:11 | Create | Villager (Male) |
| 3:11 | Create | Villager (Male) |
| 3:11 | Create | Villager (Male) |
| 3:11 | Create | Villager (Male) |
| 4:12 | Build | House |
| 4:21 | Create | Villager (Male) |
| 4:21 | Create | Villager (Male) |
| 5:15 | Create | Villager (Male) |
| 5:16 | Create | Villager (Male) |
| 5:32 | Create | Villager (Male) |
| 5:32 | Create | Villager (Male) |
| 5:37 | Research | Loom |
| 5:49 | Build | Mill |
| 5:52 | Create | Villager (Male) |
| 5:52 | Create | Villager (Male) |
| 6:16 | Create | Villager (Male) |
| 6:33 | Create | Villager (Male) |
| 7:00 | Create | Villager (Male) |
| 7:00 | Create | Villager (Male) |
| 7:00 | Create | Villager (Male) |
| 7:51 | Build | House |
| 8:15 | Create | Villager (Male) |
| 8:15 | Create | Villager (Male) |
| 8:59 | Create | Villager (Male) |
| 9:14 | Build | House |
| 9:19 | Create | Villager (Male) |
| 9:37 | Build | Mill |
| 9:40 | Create | Villager (Male) |
| 10:06 | Create | Villager (Male) |
| 10:41 | Build | House |
| 10:41 | Create | Villager (Male) |
| 10:51 | Build | Farm |
| 10:55 | Build | Mining Camp |
| 10:57 | Create | Villager (Male) |
| 11:24 | Create | Villager (Male) |
| 11:49 | Create | Villager (Male) |
| 11:53 | Build | Farm |
| 11:56 | Build | Farm |
| 12:11 | Create | Villager (Male) |
| 12:30 | Create | Villager (Male) |
| 13:02 | Research | Feudal Age |
| 13:30 | Build | Mining Camp |
| 13:41 | Build | Lumber Camp |
| 14:24 | Create | Villager (Male) |
| 14:24 | Create | Villager (Male) |
| 15:25 | Age | Feudal Age |
| 15:36 | Build | Market |
| 15:39 | Build | Blacksmith |
| 16:11 | Create | Villager (Male) |
| 16:54 | Research | Castle Age |
| 16:54 | Research | Castle Age |
| 17:05 | Build | House |
| 17:33 | Research | Double-Bit Axe |
| 17:33 | Research | Double-Bit Axe |
| 18:35 | Research | Stone Mining |
| 19:24 | Create | Villager (Male) |
| 19:34 | Age | Castle Age |
| 19:52 | Build | Castle |
| 19:59 | Create | Villager (Male) |
| 20:01 | Build | Farm |
| 20:01 | Build | Farm |
| 20:09 | Create | Villager (Male) |
| 20:24 | Create | Villager (Male) |
| 21:06 | Build | House |
| 21:07 | Build | House |
| 21:10 | Create | Gbeto |
| 21:15 | Create | Gbeto |
| 21:27 | Research | Fletching |
| 21:41 | Create | Villager (Male) |
| 21:55 | Build | Siege Workshop |
| 22:15 | Create | Villager (Male) |
| 22:30 | Create | Battering Ram |
| 22:32 | Create | Villager (Male) |
| 22:32 | Create | Villager (Male) |
| 22:59 | Create | Villager (Male) |
| 23:33 | Create | Villager (Male) |
| 23:34 | Create | Gbeto |
| 23:37 | Build | Farm |
| 23:37 | Build | Farm |
| 23:37 | Build | Farm |
| 23:37 | Build | Farm |
| 23:48 | Create | Gbeto |
| 24:03 | Build | Town Center |
| 24:07 | Build | Farm |
| 24:35 | Create | Gbeto |
| 24:40 | Create | Villager (Male) |
| 24:43 | Build | Farm |
| 24:56 | Research | Bow Saw |
| 25:03 | Build | Farm |
| 25:17 | Create | Villager (Male) |
| 25:44 | Create | Villager (Male) |
| 25:55 | Create | Villager (Male) |
| 25:55 | Create | Villager (Male) |
| 26:06 | Create | Gbeto |
| 26:13 | Create | Gbeto |
| 26:19 | Build | Farm |
| 26:20 | Build | Farm |
| 26:34 | Create | Villager (Male) |
| 26:34 | Create | Villager (Male) |
| 26:40 | Create | Villager (Male) |
| 26:40 | Create | Villager (Male) |
| 26:40 | Create | Villager (Male) |
| 26:47 | Research | Horse Collar |
| 27:08 | Create | Villager (Male) |
| 27:08 | Create | Villager (Male) |
| 27:16 | Build | Farm |
| 27:25 | Build | Farm |
| 27:25 | Build | Farm |
| 27:25 | Build | Farm |
| 27:26 | Build | Farm |
| 27:26 | Build | Farm |
| 27:33 | Create | Villager (Male) |
| 27:34 | Create | Villager (Male) |
| 27:40 | Build | Farm |
| 28:00 | Create | Battering Ram |
| 28:01 | Create | Battering Ram |
| 28:02 | Create | Villager (Male) |
| 28:02 | Create | Villager (Male) |
| 28:15 | Create | Villager (Male) |
| 28:29 | Build | Town Center |
| 28:31 | Create | Villager (Male) |
| 28:31 | Create | Villager (Male) |
| 28:31 | Create | Villager (Male) |
| 28:36 | Build | Lumber Camp |
| 28:40 | Build | Farm |
| 28:44 | Create | Gbeto |
| 28:58 | Create | Villager (Male) |
| 28:59 | Create | Villager (Male) |
| 29:08 | Create | Villager (Male) |
| 29:09 | Create | Villager (Male) |
| 29:13 | Build | Farm |
| 29:14 | Build | Farm |
| 29:14 | Build | Farm |
| 29:19 | Create | Gbeto |
| 29:19 | Create | Gbeto |
| 29:25 | Create | Villager (Male) |
| 29:37 | Build | Farm |
| 29:37 | Build | Farm |
| 29:38 | Build | Farm |
| 29:38 | Build | Farm |
| 29:38 | Build | Farm |
| 29:38 | Build | Farm |
| 29:41 | Create | Villager (Male) |
| 29:56 | Create | Gbeto |
| 29:57 | Create | Gbeto |
| 29:58 | Create | Villager (Male) |
Match timeline
| 6:11 | Q · first_building Barracks |
| 10:43 | el_joker · wall_segment Palisade Wall x3 |
| 12:08 | TuckerFudPucker · first_building Barracks |
| 12:25 | IIIIIIIIIIIIIIIIIIIII · wall_segment Palisade Wall x9 |
| 13:32 | VulfPeck · age_up feudal |
| 13:42 | IIIIIIIIIIIIIIIIIIIII · first_building Barracks |
| 13:53 | TuckerFudPucker · age_up feudal |
| 13:55 | TuckerFudPucker · first_building Archery Range |
| 14:12 | VulfPeck · wall_segment Palisade Wall x1 |
| 14:57 | IIIIIIIIIIIIIIIIIIIII · wall_segment Palisade Wall x2 |
| 14:58 | nysh · age_up feudal |
| 15:00 | IIIIIIIIIIIIIIIIIIIII · age_up feudal |
| 15:01 | el_joker · age_up feudal |
| 15:25 | gargamel · age_up feudal |
| 15:33 | IIIIIIIIIIIIIIIIIIIII · first_building Stable |
| 16:24 | nysh · first_building Barracks |
| 16:42 | ElMelvin49 · first_building Barracks |
| 16:49 | VulfPeck · wall_segment Palisade Wall x6 |
| 17:02 | VulfPeck · first_building Barracks |
| 17:04 | VulfPeck · age_up castle |
| 17:08 | Q · age_up feudal |
| 18:29 | nysh · first_building Stable |
| 18:31 | VulfPeck · first_building Archery Range |
| 18:35 | VulfPeck · first_market_buy 100 food |
| 18:53 | nysh · age_up castle |
| 18:57 | VulfPeck · wall_segment Palisade Wall x5 |
| 19:34 | gargamel · age_up castle |
| 19:52 | gargamel · first_building Castle |
| 19:59 | VulfPeck · first_building Siege Workshop |
| 20:03 | nysh · first_building Siege Workshop |
| 20:04 | ElMelvin49 · wall_segment Palisade Wall x3 |
| 20:18 | ElMelvin49 · wall_segment Palisade Wall x1 |
| 20:18 | Q · first_building Stable |
| 20:20 | VulfPeck · wall_segment Palisade Wall x1 |
| 20:47 | el_joker · first_building Barracks |
| 21:20 | ElMelvin49 · wall_segment Palisade Wall x1 |
| 21:48 | ElMelvin49 · wall_segment Palisade Wall x17 |
| 21:55 | gargamel · first_building Siege Workshop |
| 21:57 | VulfPeck · wall_segment Palisade Wall x1 |
| 22:07 | ElMelvin49 · wall_segment Palisade Wall x4 |
| 22:11 | VulfPeck · wall_segment Palisade Wall x2 |
| 23:06 | VulfPeck · wall_segment Palisade Wall x1 |
| 23:17 | IIIIIIIIIIIIIIIIIIIII · first_building Archery Range |
| 23:20 | nysh · first_market_sell 100 food |
| 23:36 | VulfPeck · wall_segment Stone Wall x3 |
| 23:39 | ElMelvin49 · wall_segment Palisade Wall x3 |
| 23:40 | Q · age_up castle |
| 23:43 | IIIIIIIIIIIIIIIIIIIII · age_up castle |
| 24:11 | ElMelvin49 · wall_segment Palisade Wall x3 |
| 24:35 | TuckerFudPucker · age_up castle |
| 24:48 | gargamel · first_market_buy 100 food |
| 24:50 | Q · first_building Siege Workshop |
| 25:05 | TuckerFudPucker · first_building Castle |
| 26:06 | VulfPeck · first_market_sell 100 wood |
| 26:44 | nysh · first_building Castle |
| 27:15 | TuckerFudPucker · first_building Siege Workshop |
| 27:28 | IIIIIIIIIIIIIIIIIIIII · first_building Siege Workshop |
| 28:17 | ElMelvin49 · wall_segment Palisade Wall x1 |
| 28:59 | IIIIIIIIIIIIIIIIIIIII · first_building Castle |
| 29:25 | ElMelvin49 · first_building Castle |
| 30:45 | gargamel · first_building Barracks |
| 31:22 | el_joker · first_market_sell 100 wood |
| 32:50 | nysh · first_market_buy 100 food |
| 32:55 | el_joker · first_building Archery Range |
| 33:38 | ElMelvin49 · wall_segment Palisade Wall x4 |
| 34:16 | el_joker · age_up castle |
| 34:18 | ElMelvin49 · wall_segment Palisade Wall x5 |
| 34:56 | Q · first_building Monastery |
| 35:55 | ElMelvin49 · wall_segment Palisade Wall x12 |
| 37:59 | ElMelvin49 · wall_segment Palisade Wall x14 |
| 38:22 | ElMelvin49 · wall_segment Palisade Wall x8 |
| 38:38 | nysh · first_building Archery Range |
| 40:00 | VulfPeck · wall_segment Stone Wall x15 |
| 40:22 | Q · first_building Castle |
| 41:11 | VulfPeck · wall_segment Stone Wall x17 |
| 41:18 | VulfPeck · wall_segment Stone Wall x10 |
| 41:22 | VulfPeck · wall_segment Stone Wall x11 |
| 41:41 | VulfPeck · wall_segment Stone Wall x8 |
| 42:48 | VulfPeck · wall_segment Stone Wall x5 |
| 43:15 | VulfPeck · wall_segment Stone Wall x5 |
| 43:18 | VulfPeck · wall_segment Stone Wall x9 |
| 43:20 | VulfPeck · wall_segment Stone Wall x3 |
| 43:23 | Q · age_up imperial |
| 43:29 | VulfPeck · first_building Castle |
| 43:37 | VulfPeck · wall_segment Stone Wall x14 |
| 44:10 | gargamel · first_market_sell 500 food |
| 44:30 | VulfPeck · wall_segment Stone Wall x8 |
| 44:36 | VulfPeck · first_building Stable |
| 44:59 | TuckerFudPucker · age_up imperial |
| 45:31 | VulfPeck · wall_segment Stone Wall x2 |
| 45:41 | gargamel · first_building Archery Range |
| 45:45 | VulfPeck · wall_segment Stone Wall x4 |
| 45:49 | VulfPeck · wall_segment Stone Wall x4 |
| 45:50 | VulfPeck · age_up imperial |
| 45:51 | VulfPeck · wall_segment Stone Wall x2 |
| 47:24 | el_joker · first_market_buy 100 food |
| 47:34 | gargamel · age_up imperial |
| 47:52 | el_joker · first_building Monastery |
| 47:55 | nysh · age_up imperial |
| 49:25 | el_joker · first_building Castle |
| 50:44 | Q · first_building Archery Range |
| 51:57 | el_joker · age_up imperial |
| 52:48 | VulfPeck · wall_segment Stone Wall x14 |
| 53:20 | IIIIIIIIIIIIIIIIIIIII · age_up imperial |
| 54:47 | nysh · resign |
[ AI ANALYSIS · 1 CREDIT ]
What really happened in this match?
Wolo.gg analyzes every decision: build order, eco, micro, common mistakes by bracket. Personalized analysis on WhatsApp or Discord in 30 seconds.
Civ guide
Vietnamese
Perfil
Jugador #3405484